 Dungeon Crawl Stone Soup version 0.29.1-2-gbd0b4ee654 (webtiles) character file.

Game seed: 211397556023702118

12202 sanboga the Severer (level 11, -1/91 HPs)
             Began as a Minotaur Monk on Nov 21, 2022.
             Was a High Priest of Hepliaklqana.
             Slain by a two-headed ogre
             ... wielding a +0 giant club of flaming
              (25 damage)
             ... on level 10 of the Dungeon.
             The game lasted 00:14:34 (11670 turns).

sanboga the Severer (Minotaur Monk)                Turns: 11670, Time: 00:14:34

Health: -1/91      AC: 16    Str: 20    XL:     11   Next: 59%
Magic:  0/10       EV:  7    Int:  7    God:    Hepliaklqana [*****.]
Gold:   137        SH:  5    Dex: 13    Spells: 10/10 levels left

rFire   . . .      SeeInvis .   v - +0 broad axe (elec)
rCold   . . .      Faith    .   j - +0 buckler
rNeg    . . .      Spirit   +   i - +0 plate armour
rPois   +          Reflect  .   (helmet restricted)
rElec   .          Harm     .   (no cloak)
rCorr   .          Rampage  .   r - +0 pair of gloves
Will    .....                   (no boots)
Stlth   ..........              o - amulet of guardian spirit
HPRegen 0.25/turn               u - ring of poison resistance
MPRegen 0.12/turn               (no ring)

@: no status effects
A: reduced essence, horns 2, retaliatory headbutt
a: Renounce Religion, Recall Ancestor, Ancestor Identity, Transference, Idealise


You were on level 10 of the Dungeon.
You worshipped Hepliaklqana.
Hepliaklqana was extremely pleased with you.
You visited 2 branches of the dungeon, and saw 11 of its levels.

You collected 403 gold pieces.
You spent 266 gold pieces at shops.

Inventory:

Hand Weapons
 v - a +0 broad axe of electrocution (weapon)
Armour
 i - a +0 plate armour (worn)
 j - a +0 buckler (worn)
 r - a +0 pair of gloves (worn)
Jewellery
 o - an amulet of guardian spirit (around neck)
 u - a ring of poison resistance (left hand)
Wands
 l - a wand of acid (6)
 p - a wand of iceblast (5)
Scrolls
 a - a scroll of identify
 e - a scroll of poison {unknown}
 f - 2 scrolls of magic mapping
 g - 2 scrolls of fear
 n - a scroll of enchant armour
Potions
 b - a potion of might
 c - 3 potions of ambrosia
 d - 6 potions of curing
 k - a potion of mutation
 m - 3 potions of resistance
 q - 2 potions of haste
 s - 2 potions of heal wounds
 t - 2 potions of flight


   Skills:
 + Level 11.5 Fighting
 * Level 15.5 Axes
 + Level 10.9 Armour
 - Level 3.2 Dodging
 - Level 1.5 Stealth
 + Level 4.4 Shields


You had 10 spell levels left.
You didn't know any spells.
Your spell library contained the following spells:

 Spells                   Type           Power      Damage    Failure   Level
 Ensorcelled Hibernation  Hex/Ice        0%         N/A       100%        2
 Passwall                 Tmut/Erth      0%         N/A       100%        2
 Call Canine Familiar     Summ           0%         N/A       100%        3
 Portal Projectile        Hex/Tloc       0%         N/A       100%        3
 Swiftness                Air            0%         N/A       100%        3
 Leda's Liquefaction      Hex/Erth       0%         N/A       100%        4


Dungeon Overview and Level Annotations

Branches:
Dungeon (10/15)            Temple (1/1) D:5            Lair (0/5) D:9
    Orc: D:9-12

Altars:
Ashenzari
Cheibriados
Dithmenos
Elyvilon
Fedhas
Gozag
Hepliaklqana
Makhleb
Nemelex Xobeh
Okawaru
Qazlal
Ru
Sif Muna
Trog
Uskayaw
Vehumet
Wu Jian
Xom
Yredelemnul
Zin
The Shining One

Shops:
D:9 (![(

Annotations:
D:10 1 transporter, Jingleheimer's ghost, novice TrFi


Innate Abilities, Weirdness & Mutations

Your life essence is reduced to manifest your ancestor. (-10% HP)
You have a pair of horns on your head.
You reflexively headbutt those who attack you in melee.


Message History

Done waiting.
You swap places.
There is a transporter here.
You start waiting.
The tengu warrior shouts!
Done waiting.
You swap places.
Jingleheimer's ghost whispers, "You will understand me better in a moment."
The troll shouts!
There is a transporter here.
You enter the transporter and appear at another place.
Trent points at the two-headed ogre and mumbles some strange words.
The two-headed ogre easily resists.
The moth of wrath goads the troll on!
The troll goes berserk!
Trent casts a spell at the two-headed ogre.
The two-headed ogre easily resists.
The troll bites you but does no damage. The troll barely misses you.
The troll claws you!
The tengu warrior hits you with a +0 war axe.
The tengu warrior pecks you.
The tengu warrior claws you but does no damage.
Trent hits the two-headed ogre with a +0 dagger of draining!
The moth of wrath goads the two-headed ogre on!
The two-headed ogre goes berserk!
The two-headed ogre attacks as you move away!
The two-headed ogre hits you with a +0 giant club!
The two-headed ogre barely misses you. The troll bites you.
The troll claws you. The troll claws you but does no damage.
You block the tengu warrior's attack.
The tengu warrior pecks you but does no damage.
The tengu warrior claws you but does no damage.
The moth of wrath goads the two-headed ogre on!
The two-headed ogre goes berserk!
The moth of wrath goads something on!
The troll barely misses you. The troll claws you! x2
You see here 13 gold pieces.
The two-headed ogre hits you with a +0 giant club of flaming!!
The two-headed ogre burns you.
* * * LOW HITPOINT WARNING * * *
The two-headed ogre hits you with a +2 vorpal great mace!!
You die...

#..# ###....©.......#
##.###....#####.....#
#..#...###.©.###...#
##.....#####....##..##
####......#..###R...#...#
#....##..##..#≈#O...##..#
##.....#..#..W#.T.....#..#
#.........#..oyOQ$##..#..#
..........#..##[@/≈#..#..#
.......#..####≈#T######..##
.......#...# ###....##....#
.......#...## #.....##..#.#
............###.©.###...#.#
.........#....#####.......#
................©.......##.#
....#..................##
#.# . ....####.............#
.#


You could see the friendly Trent the hexer, a tengu warrior, 2 two-headed ogres,
a moth of wrath, 2 trolls, an orc warrior and Jingleheimer's ghost.

Vanquished Creatures
  3 death yaks
  Amaemon (D:10)
  A hornet (D:9)
  18 yaks
  A shadow (D:10)
  2 wraiths
  2 steam dragons (D:8)
  4 black bears
  6 centaurs
  3 ogres
  2 phantoms
  3 kobold brigands
  2 bullfrogs (D:7)
  A necrophage (D:6)
  3 scorpions
  3 wights (D:8)
  5 killer bees (D:10)
  A howler monkey (D:5)
  3 jellies
  2 orc priests
  5 iguanas
  11 orc wizards
  5 adders
  10 gnolls
  A shadow imp (D:5)
  2 white imps
  An ufetubus (D:5)
  3 worms
  2 dart slugs
  19 orcs
  4 ball pythons
  5 bats
  8 endoplasms
  3 giant cockroaches
  6 goblins
  A hobgoblin (D:1)
  6 jackals
  21 kobolds
  6 quokkas
  3 frilled lizards
  9 rats
197 creatures vanquished.

Vanquished Creatures (collateral kills)
  A centaur warrior (D:9)
  2 death yaks (D:8)
  An orange demon (D:10)
  2 yaks
  A steam dragon (D:10)
  3 orc warriors
  A sky beast (D:7)
  A kobold brigand (D:8)
  3 bullfrogs
  A killer bee (D:10)
  A howler monkey (D:10)
  2 gnoll boudas
  5 orc wizards
  2 gnolls
  An ufetubus (D:6)
  7 orcs
  2 kobolds
36 creatures vanquished.

Vanquished Creatures (others)
  4 hexers
4 creatures vanquished.

Grand Total: 237 creatures vanquished

Notes
Turn   | Place    | Note
-------+----------+-------------------------------------------
     0 | D:1      | sanboga the Minotaur Monk began the quest for the Orb.
     0 | D:1      | Reached XP level 1. HP: 19/19 MP: 0/0
   292 | D:1      | Reached skill level 4 in Axes
   301 | D:1      | Reached XP level 2. HP: 27/27 MP: 1/1
   381 | D:1      | Reached skill level 1 in Armour
   445 | D:1      | Found a faded altar of an unknown god.
  1097 | D:2      | Noticed a scorpion
  1106 | D:2      | Killed a scorpion
  1107 | D:2      | Reached skill level 5 in Axes
  1107 | D:2      | Reached XP level 3. HP: 22/34 MP: 2/2
  1107 | D:2      | Reached XP level 4. HP: 26/41 MP: 3/3
  1317 | D:2      | Found an iron altar of Okawaru.
  2271 | D:3      | Found an opulent altar of Gozag.
  2392 | D:3      | Reached XP level 5. HP: 47/47 MP: 4/4
  2639 | D:4      | Reached skill level 5 in Fighting
  2639 | D:4      | Reached skill level 6 in Axes
  3088 | D:4      | Noticed a black bear
  3147 | D:3      | Reached XP level 6. HP: 38/56 MP: 5/5
  3442 | D:4      | Reached skill level 7 in Axes
  3681 | D:4      | Reached XP level 7. HP: 57/62 MP: 6/6
  3906 | D:5      | Entered Level 5 of the Dungeon
  4308 | D:5      | Reached skill level 8 in Axes
  4447 | D:5      | Reached skill level 5 in Armour
  4637 | D:5      | Reached XP level 8. HP: 67/71 MP: 7/7
  4643 | D:5      | Found a broken altar of Ashenzari.
  4725 | D:5      | Reached skill level 9 in Axes
  4954 | D:5      | Found a staircase to the Ecumenical Temple.
  4988 | Temple   | Entered the Ecumenical Temple
  5169 | Temple   | Became a worshipper of Hepliaklqana the Forgotten
  5169 | Temple   | Reached * piety under Hepliaklqana
  5169 | Temple   | Reached ** piety under Hepliaklqana
  5170 | Temple   | Remembered your ancestor Trent as a hexer
  5657 | D:6      | Reached skill level 10 in Axes
  6191 | D:7      | Reached XP level 9. HP: 65/72 MP: 8/8
  6249 | D:7      | Reached *** piety under Hepliaklqana
  6882 | D:8      | Reached skill level 11 in Axes
  6894 | D:8      | Reached skill level 12 in Axes
  7484 | D:8      | Reached XP level 10. HP: 63/81 MP: 9/9
  8052 | D:9      | Reached **** piety under Hepliaklqana
  8130 | D:9      | Found a burning altar of Makhleb.
  8130 | D:9      | Noticed a green death
  8132 | D:9      | Noticed a centaur warrior
  8136 | D:9      | Noticed a death yak
  8143 | D:9      | Killed a centaur warrior
  8144 | D:9      | Reached skill level 13 in Axes
  8157 | D:9      | Noticed a death yak
  8526 | D:9      | Found Deun's Distillery.
  8549 | D:9      | Found Joeriu's Weapon Emporium.
  8645 | D:9      | Reached skill level 10 in Fighting
  9017 | D:9      | Found Zehieta's Antique Weapon Emporium.
  9038 | D:9      | Bought a glowing broad axe for 203 gold pieces
  9219 | D:9      | Reached skill level 14 in Axes
  9332 | D:9      | Found Ahiela's Armour Shoppe.
  9338 | D:9      | Bought a +0 buckler for 63 gold pieces
  9348 | D:9      | Noticed a death yak
  9349 | D:9      | Found a staircase to the Lair.
  9349 | D:9      | Noticed a death yak
  9349 | D:9      | Noticed a death yak
  9567 | D:9      | Killed a death yak
  9568 | D:9      | Reached skill level 10 in Armour
  9568 | D:9      | Reached skill level 1 in Shields
  9622 | D:8      | Killed a death yak
  9623 | D:8      | Reached XP level 11. HP: 33/90 MP: 8/10
  9859 | D:8      | Killed a death yak
  9862 | D:8      | Killed a death yak
  9873 | D:8      | Killed a death yak
  9874 | D:8      | Reached skill level 15 in Axes
 10426 | D:10     | Entered Level 10 of the Dungeon
 10972 | D:10     | Noticed Amaemon
 10983 | D:10     | Killed Amaemon
 11215 | D:10     | Reached ***** piety under Hepliaklqana
 11252 | D:10     | Noticed a two-headed ogre
 11252 | D:10     | Noticed a two-headed ogre
 11268 | D:10     | Found a bloodstained altar of Trog.
 11268 | D:10     | Noticed a tengu warrior
 11280 | D:10     | Noticed Jingleheimer's ghost (novice TrFi)
 11412 | D:10     | Found a transporter.
 11415 | D:10     | Found a transporter.
 11670 | D:10     | Identified the ring of Esaesuck {Fly MP-9 Int+2 SInv
                  | Stlth+}
 11670 | D:10     | Slain by a two-headed ogre

Illustrated notes

Levels and vault maps discovered:
D:1:      psy_arrival_basics, layout_rooms,
          shapermc_ecumenical_altar_mp_vishouse
D:2:      layout_basic, basic_altar
D:3:      layout_rooms, mainiacjoe_overflow_24_doors
D:4:      layout_loops_ring
D:5:      layout_cave_pools, lemuel_tele_altar, minmay_temple_entry_hall,
          serial_column_ruins, column_ruins_hut, column_ruins_grid_3,
          column_ruins_open_tiny, column_ruins_corridor_plus,
          column_ruins_open_tiny, column_ruins_grid_1,
          column_ruins_open_small_water
D:6:      layout_loops_ring
D:7:      layout_gridville, nicolae_titane
D:8:      layout_basic
D:9:      layout_irregular_city, makhleb_altar_promises_db, dpeg_lair_monsters,
          serial_shops, nicolae_shop_crystal, kennysheep_little_box, shop,
          nicolae_diamond_shop
D:10:     minmay_flawed_box, layout_layer_cave,
          lemuel_zombie_altar_kikubaaqudgha, gammafunk_ghost_wrathful_warriors,
          uniq_amaemon
Temple:   dpeg_five_rooms_temple

Skill      XL: |  1  2  3  4  5  6  7  8  9 10 11 |
---------------+----------------------------------+-----
Axes           | 4 5 6 7 8 10 12 14 15 | 15.5
Armour         | 2 3 4 5 6 8 10 | 10.9
Fighting       | 4 5 6 7 9 10 11 | 11.5
Shields        | 2 4 |  4.4
Dodging        | |  3.2
Stealth        | |  1.5

Action                   |  1- 3 |  4- 6 |  7- 9 | 10-12 || total
-------------------------+-------+-------+-------+-------++-------
Melee: Hand axe          |    49 |     8 |       |       ||    57
       Headbutt          |     5 |    26 |    45 |    42 ||   118
       War axe           |       |   137 |   195 |    66 ||   398
       Punch             |       |     2 |     1 |     1 ||     4
       Broad axe         |       |       |       |    99 ||    99
Invok: Ancestor Life: He |       |       |     1 |       ||     1
       Ancestor Identity |       |       |     1 |       ||     1
       Recall Ancestor   |       |       |       |     2 ||     2
Evoke: Wand              |       |       |       |     5 ||     5
  Use: Scroll            |     2 |     5 |     9 |     4 ||    20
       Potion            |       |       |     1 |     2 ||     3
 Stab: Confused          |       |       |     8 |     5 ||    13
       Invisible         |       |       |    11 |     4 ||    15
       Distracted        |       |       |       |     5 ||     5
Armor: Robe              |    14 |       |       |       ||    14
       Plate armour      |    19 |   117 |   135 |   135 ||   406
Dodge: Dodged            |    27 |    43 |    58 |    55 ||   183
Block: Buckler           |       |       |       |    30 ||    30
